 Dungeon Crawl Stone Soup version 0.22.1-1-ga44c0e5 (webtiles) character file.

13221 HoaS the Grappler (level 12, -8/115 HPs)
             Began as a Gargoyle Berserker on Oct 6, 2018.
             Was a High Priest of Trog.
             Mangled by a seven-headed hydra (9 damage)
             ... on level 11 of the Dungeon.
             The game lasted 00:36:00 (10940 turns).

HoaS the Grappler (Gargoyle Berserker)             Turns: 10940, Time: 00:36:00

Health: -8/115     AC: 22    Str: 27    XL:     12   Next: 3%
Magic:  12/12      EV: 14    Int:  8    God:    Trog [*****.]
Gold:   1400       SH:  0    Dex: 13    Spells: 11/11 levels left

rFire    . . .     SeeInvis +     - Unarmed
rCold    . . .     Gourm    .   (no shield)
rNeg     + . .     Faith    .   q - +1 scale mail
rPois    ∞         Spirit   .   a - +1 helmet {SInv}
rElec    +         Reflect  .   n - +0 cloak
rCorr    .         Harm     .   (no gloves)
MR       .....                  (no boots)
Stlth    ..........             f - amulet of the acrobat
HPRegen  0.29/turn              (no ring)
MPRegen  0.13/turn              (no ring)

@: berserking, very quick
A: negative energy resistance 1, electricity resistance, unbreathing,
petrification resistance, rot immunity, AC +8
a: Berserk, Trog's Hand, Brothers in Arms, Renounce Religion


You were on level 11 of the Dungeon.
You worshipped Trog.
Trog was extremely pleased with you.
You were very hungry.

You visited 1 branch of the dungeon, and saw 12 of its levels.

You collected 1772 gold pieces.
You spent 372 gold pieces at shops.

Inventory:

Armour
 a - a +1 helmet of see invisible (worn)
 n - a +0 cloak (worn)
 q - a +1 scale mail (worn)
Jewellery
 f - an amulet of the acrobat (around neck)
 p - an uncursed ring of fire
 y - a +4 amulet of reflection
Wands
 c - a wand of scattershot (10)
 h - a wand of digging (36)
 z - a wand of random effects (25)
 A - a wand of iceblast (11)
 B - a wand of disintegration (17)
Scrolls
 e - a scroll of blinking
 i - 3 scrolls of magic mapping
 r - 3 scrolls of teleportation
 t - 3 scrolls of remove curse
Potions
 d - a potion of resistance {unknown}
 g - 5 potions of flight
 j - 2 potions of might
 k - a potion of heal wounds
 l - 10 potions of curing
 m - 2 potions of cancellation {unknown}
 o - 3 potions of agility
 s - a potion of brilliance {unknown}
 u - a potion of invisibility {unknown}
 v - a potion of berserk rage {unknown}
 w - 2 potions of haste {unknown}
 x - 2 potions of magic {unknown}
 C - 2 potions of lignification {unknown}
Comestibles
 b - 23 rations
 D - 3 chunks of flesh


   Skills:
 + Level 9.9 Fighting
 + Level 9.6 Armour
 + Level 7.3 Dodging
 * Level 12.2 Unarmed Combat


You had 11 spell levels left.
You didn't know any spells.
Your spell library was empty.

Dungeon Overview and Level Annotations

Branches:
Dungeon (12/15)            Temple (0/1) D:6            Lair (0/6) D:8
    Orc (0/2) D:9

Altars:
Dithmenos
Fedhas
Kikubaaqudgha
Qazlal
Ru
Trog
Uskayaw
Vehumet
Yredelemnul

Shops:
D:4 *   D:5 *

Portals:
Trove: D:10 (give +4 storm dragon scales)


Innate Abilities, Weirdness & Mutations

You are resistant to torment.
Your stone body is resilient. (AC +8)
You are immune to poison.
You resist negative energy. (rN+)
You are resistant to electric shocks. (rElec)
You can survive without breathing.
You are immune to petrification.
You are immune to rotting.


Message History

The seven-headed hydra barely misses you.
The seven-headed hydra bites you!
* * * LOW HITPOINT WARNING * * *
The seven-headed hydra bites you.
* * * LOW HITPOINT WARNING * * *
The seven-headed hydra barely misses you.
The seven-headed hydra bites you but does no damage.
The seven-headed hydra barely misses you.
The seven-headed hydra bites you but does no damage.
A red film seems to cover your vision as you go berserk!
You feel yourself moving faster!
You feel mighty!
You are feeling very hungry.
The seven-headed hydra bites you.
* * * LOW HITPOINT WARNING * * *
The seven-headed hydra barely misses you.
The seven-headed hydra bites you but does no damage. x2
The seven-headed hydra bites you.
* * * LOW HITPOINT WARNING * * *
The seven-headed hydra misses you. The seven-headed hydra bites you!
You die...

#.$D......#
#.........#
#.........#
#.........#
#.......###
#.#.###.#
#.#..t#.# #
#.#D#.#
#.###@#.#
#.....#.#
#####...#
#.###
###'########
#..........#
#.........†#
#..........#
#.......)))#


You could see a seven-headed hydra and a crocodile.

Vanquished Creatures
  Gastronok (D:8)
  Erica (D:10)
  3 death yaks (D:7)
  Pikel (D:7)
  A flayed ghost (D:8)
  A gargoyle (D:12)
  A merfolk (D:9)
  2 trolls
  3 hippogriffs
  A hornet (D:8)
  Sigmund (D:2)
  4 wraiths
  A yak (D:9)
  A hungry ghost (D:11)
  A porcupine (D:8)
  Duvessa (D:5)
  6 orc warriors
  2 sky beasts
  3 ice beasts
  2 black bears
  4 centaurs
  10 ogres
  A big kobold (D:11)
  5 bullfrogs
  A wyvern zombie (D:5)
  Dowan (D:5)
  A wyvern skeleton (D:6)
  6 scorpions
  6 killer bees (D:3)
  5 wights
  An electric eel (D:9)
  2 howler monkeys
  4 crimson imps (D:9)
  7 orc wizards
  A centaur skeleton (D:8)
  5 hounds
  7 orc priests
  2 bullfrog skeletons
  2 iguanas
  A hell rat (D:8)
  10 worker ants
  A killer bee zombie (D:5)
  A hound zombie (D:10)
  2 hound skeletons
  A worker ant zombie (D:8)
  4 gnolls (D:6)
  16 adders
  A river rat (D:8)
  A shadow imp (D:6)
  An adder zombie (D:9)
  3 adder skeletons
  A worm (D:2)
  A dart slug (D:1)
  3 leopard geckos
  36 orcs
  2 ball pythons
  12 bats
  5 giant cockroaches
  6 goblins
  5 hobgoblins
  12 jackals
  A quokka (D:6)
  5 frilled lizards
  A jackal skeleton (D:6)
  14 kobolds
  A leopard gecko skeleton (D:9)
  A quokka zombie (D:9)
  7 rats
263 creatures vanquished.

Vanquished Creatures (others)
  2 slaves (D:7)
  3 wights (D:7)
5 creatures vanquished.

Grand Total: 268 creatures vanquished

Notes
Turn   | Place    | Note
-------+----------+-------------------------------------------
     0 | D:1      | HoaS the Gargoyle Berserker began the quest for the Orb.
     0 | D:1      | Reached XP level 1. HP: 14/14 MP: 1/1
   252 | D:1      | Reached XP level 2. HP: 17/19 MP: 2/2
   750 | D:2      | Noticed Sigmund
   752 | D:2      | Reached XP level 3. HP: 17/23 MP: 3/3
   760 | D:2      | Killed Sigmund
   760 | D:2      | Reached skill level 4 in Unarmed Combat
   760 | D:2      | Reached XP level 4. HP: 14/29 MP: 4/4
   760 | D:2      | Reached XP level 5. HP: 16/33 MP: 5/5
   971 | D:2      | Found a stormy altar of Qazlal.
  1062 | D:2      | Found a stormy altar of Qazlal.
  1090 | D:2      | Reached ** piety under Trog
  1391 | D:2      | Found a faded altar of an unknown god.
  1554 | D:3      | Reached XP level 6. HP: 38/38 MP: 6/6
  1960 | D:3      | Reached skill level 5 in Unarmed Combat
  2027 | D:3      | Reached XP level 7. HP: 17/44 MP: 7/7
  2317 | D:3      | Reached *** piety under Trog
  2317 | D:3      | Reached skill level 5 in Fighting
  3038 | D:4      | Reached skill level 6 in Unarmed Combat
  3198 | D:4      | Reached XP level 8. HP: 49/49 MP: 8/8
  3243 | D:4      | Found Ceis's General Store.
  3288 | D:4      | Bought a potion of curing for 33 gold pieces
  3288 | D:4      | Bought a scroll of magic mapping for 38 gold pieces
  3400 | D:4      | Found a shadowy altar of Dithmenos.
  3432 | D:5      | Entered Level 5 of the Dungeon
  3508 | D:4      | Reached skill level 5 in Armour
  3814 | D:5      | Found Gasoumy's General Store.
  3820 | D:5      | Bought a potion of heal wounds for 70 gold pieces
  3888 | D:5      | Reached skill level 7 in Unarmed Combat
  3933 | D:5      | Noticed Dowan
  3934 | D:5      | Noticed Duvessa
  3950 | D:5      | Killed Duvessa
  3969 | D:5      | Killed Dowan
  4051 | D:5      | Found a radiant altar of Vehumet.
  4156 | D:6      | Noticed a hippogriff
  4175 | D:5      | Killed a hippogriff
  4185 | D:5      | Reached XP level 9. HP: 35/55 MP: 9/9
  4322 | D:6      | Reached **** piety under Trog
  4535 | D:6      | Found a staircase to the Ecumenical Temple.
  4537 | D:6      | Identified a scroll of acquirement
  4795 | D:6      | Reached skill level 8 in Unarmed Combat
  4848 | D:6      | Found a blossoming altar of Fedhas.
  4936 | D:7      | Got a transparent leather armour
  5053 | D:7      | Found a hide-covered altar of Uskayaw.
  5066 | D:7      | Found a blossoming altar of Fedhas.
  5650 | D:7      | Identified the +3 leather armour of Patience {rF++} (You
                  | found it on level 7 of the Dungeon)
  5666 | D:7      | Noticed Pikel
  5695 | D:7      | Killed Pikel
  5695 | D:7      | Reached skill level 5 in Dodging
  5695 | D:7      | Reached skill level 9 in Unarmed Combat
  5782 | D:7      | Found a sacrificial altar of Ru.
  5831 | D:7      | Reached XP level 10. HP: 59/63 MP: 10/10
  6091 | D:8      | Noticed a death yak
  6092 | D:8      | Noticed a death yak
  6094 | D:8      | Found a staircase to the Lair.
  6094 | D:8      | Noticed a death yak
  6392 | D:7      | HP: 2/96 [death yak (7)]
  6395 | D:7      | Killed a death yak
  6701 | D:7      | Killed a death yak
  6701 | D:7      | Reached skill level 10 in Unarmed Combat
  6709 | D:7      | Killed a death yak
  7021 | D:8      | Received a gift from Trog
  7259 | D:8      | Noticed Gastronok
  7279 | D:8      | Killed Gastronok
  7279 | D:8      | Reached skill level 11 in Unarmed Combat
  7279 | D:8      | Reached XP level 11. HP: 71/71 MP: 11/11
  7343 | D:8      | Found a transporter.
  7356 | D:8      | Found a basalt altar of Yredelemnul.
  7356 | D:8      | Found a transporter.
  7402 | D:8      | Noticed a flayed ghost
  7407 | D:8      | Found an ancient bone altar of Kikubaaqudgha.
  8111 | D:8      | Killed a flayed ghost
  8732 | D:9      | Found a staircase to the Orcish Mines.
  8815 | D:9      | Found a bloodstained altar of Trog.
  9173 | D:10     | Entered Level 10 of the Dungeon
  9306 | D:10     | Found a portal to a secret trove of treasure.
  9421 | D:5      | Bought a +1 helmet of see invisible for 231 gold pieces
  9586 | D:10     | Noticed Erica
  9606 | D:10     | Killed Erica
  9853 | D:10     | Reached skill level 12 in Unarmed Combat
 10474 | D:11     | Reached ***** piety under Trog
 10627 | D:12     | Reached XP level 12. HP: 69/77 MP: 12/12
 10707 | D:12     | Noticed a seven-headed hydra
 10726 | D:11     | Noticed a two-headed ogre
 10940 | D:11     | HP: 1/115 [seven-headed hydra (5)]
 10940 | D:11     | Mangled by a seven-headed hydra

Skill      XL: |  1  2  3  4  5  6  7  8  9 10 11 |
---------------+----------------------------------+-----
Fighting       | 4 5 6 7 9 |  9.9
Armour         | 3 4 5 7 8 9 |  9.6
Dodging        | 2 3 4 5 6 7 |  7.3
Unarmed Combat | 4 5 6 7 9 11 12 | 12.2

Action                   |  1- 3 |  4- 6 |  7- 9 | 10-12 || total
-------------------------+-------+-------+-------+-------++-------
Melee: Unarmed           |    61 |   211 |   453 |   539 ||  1264
       Punch             |     1 |     2 |    18 |    32 ||    53
Invok: Berserk           |     1 |     1 |     3 |     4 ||     9
       Trog's Hand       |       |     1 |     2 |     4 ||     7
  Use: Scroll            |       |     5 |    11 |     5 ||    21
       Potion            |       |       |       |     2 ||     2
  Eat: Chunk             |       |     5 |    17 |    13 ||    35
       Ration            |       |       |       |     3 ||     3
Armor: Animal skin       |    11 |       |       |       ||    11
       Leather armour    |    11 |    46 |     8 |     6 ||    71
       Ring mail         |       |    62 |     3 |       ||    65
       Scale mail        |       |       |   198 |   245 ||   443
Dodge: Dodged            |    32 |   140 |   280 |   394 ||   846
